Map: Catallena LE (Void)

Players

gabobayro - Winner!

  • Race: Protoss Protoss
  • League: Silver
  • Spawn Location: 5:00

Juxtapose

  • Race: Terran Terran
  • League: Silver
  • Spawn Location: 9:00

VOD

https://youtu.be/8EAPE3UM3S0

Description

This was a fantastically fun match; I've never gone up against a Stalker/Void Ray composition before, and the base race at the end was nail biting!

In hindsight I should have gone Marauders instead of Marines, and more units overall; my productions wasn't good enough. Some Ghosts with EMP or perhaps some Ravens for Point Defence Drone would have helped as well.

Time

  • Played on: July 30, 2017, 8:25 p.m.
  • Length: 19:46
Show
View Real Time Build Order
Export as new Build Order

gabobayro Protoss - Winner!

Build Orders:  

Get SALT Encoding   

  12  0:03  Probe (Chrono Boost)  
  13  0:13  Probe (Chrono Boost)  
  14  0:19  Pylon  
  14  0:30  Probe (Chrono Boost)  
  15  0:41  Gateway  
  15  0:43  Probe (Chrono Boost)  
  15  0:48  Assimilator  
  16  0:55  Probe (Chrono Boost)  
  17  1:09  Probe (Chrono Boost)  
  18  1:19  Probe (Chrono Boost)  
  18  1:22  Gateway  
  19  1:30  Pylon  
  19  1:33  Cybernetics Core  
  19  1:35  Probe (Chrono Boost)  
  19  1:39  Assimilator  
  20  1:41  Zealot  
  20  1:45  Probe (Chrono Boost)  
  23  1:56  Probe (Chrono Boost)  
  24  2:10  Stalker x2  
  28  2:17  Mothership Core (Chrono Boost)  
  30  3:02  Pylon  
  30  3:06  Stalker  
  30  3:20  Stalker  
  32  3:29  Probe (Chrono Boost)  
  32  3:32  Nexus  
  33  3:36  Pylon  
  33  3:39  Stalker  
  33  3:40  Probe (Chrono Boost)  
  36  3:48  Pylon  
  36  3:50  Probe (Chrono Boost)  
  36  3:54  Stalker  
  39  4:03  Probe (Chrono Boost)  
  40  4:14  Probe (Chrono Boost)  
  40  4:32  Stargate  
  40  5:00  Stalker x2  
  44  5:08  Probe (Chrono Boost)  
  45  5:17  Void Ray (Chrono Boost)  
  45  5:18  Probe (Chrono Boost)  
  50  5:28  Probe (Chrono Boost)  
  50  5:30  Zealot  
  53  5:36  Zealot  
  53  5:38  Probe  
  56  5:44  Warp Gate  
  56  5:48  Probe  
  61  5:57  Void Ray (Chrono Boost)  
  61  5:59  Probe  
  64  6:04  Zealot  
  64  6:11  Probe  
  64  6:14  Pylon  
  65  6:18  Stalker  
  65  6:22  Probe  
  68  6:34  Void Ray (Chrono Boost)  
  68  6:38  Twilight Council  
  72  6:48  Probe  
  72  6:50  Assimilator  
  72  6:52  Assimilator  
  73  6:59  Pylon, Probe  
  74  7:07  Void Ray (Chrono Boost)  
  78  7:17  Probe, Charge (Chrono Boost)  
  79  7:29  Probe  
  80  7:30  Pylon  
  80  7:41  Probe  
  80  7:42  Void Ray  
  81  7:47  Stalker  
  81  7:48  Stalker  
  89  7:53  Probe  
  89  7:55  Probe  
  91  8:05  Probe  
  92  8:07  Probe  
  94  8:20  Fleet Beacon  
  93  8:36  Pylon  
  93  8:38  Pylon  
  93  8:46  Protoss Air Weapons Level 1 (Chrono Boost)  
  93  8:48  Void Ray  
  93  8:49  Nexus  
  93  8:50  Pylon  
  97  9:00  Stalker x2  
  101  9:08  Gateway  
  101  9:15  Dark Shrine  
  107  9:23  Probe  
  108  9:29  Void Ray  
  108  9:35  Probe  
  113  9:41  Pylon  
  113  9:45  Zealot x2  
  117  9:47  Probe  
  103  10:00  Probe  
  88  10:12  Probe  
  77  10:22  Void Ray  
  77  10:23  Stalker x2  
  77  10:26  Mothership Core  
  87  10:41  Gateway  
  87  10:42  Gateway  
  87  10:43  Probe  
  88  10:52  Assimilator  
  88  10:53  Probe  
  88  10:54  Assimilator  
  95  10:59  Void Ray  
  95  11:02  Dark Templar x2  
  99  11:04  Probe  
  98  11:14  Probe  
  97  11:25  Probe  
  98  11:36  Void Ray  
  102  11:51  Dark Templar x3  
  108  12:03  Probe  
  109  12:10  Pylon  
  109  12:13  Probe  
  109  12:14  Void Ray  
  112  12:24  Probe, Dark Templar x2  
  117  12:31  Archon  
  117  12:32  Archon  
  117  12:35  Archon  
  117  12:39  Stalker x2  
  117  12:40  Stalker  
  123  12:48  Probe  
  124  12:59  Probe  
  125  13:10  Probe  
  126  13:21  Dark Templar x4  
  126  13:23  Stalker  
  135  13:40  Gateway  
  135  13:44  Gateway  
  135  13:50  Stargate  
  135  13:51  Cybernetics Core  
  135  14:07  Dark Templar x3  
  141  14:16  Pylon  
  141  14:17  Pylon  
  122  14:58  Pylon  
  122  14:59  Pylon  
  122  15:00  Pylon  
  122  15:01  Pylon  
  121  15:25  Pylon, Dark Templar x2  
  121  15:28  Pylon  
  125  15:45  Pylon  
  125  16:13  Pylon  
  125  16:15  Pylon  
  93  16:39  Archon x5  
  77  16:42  Probe  
  78  16:53  Probe  
  78  17:00  Twilight Council  
  79  17:04  Probe  
  80  17:14  Probe  
  80  17:16  Void Ray  
  85  17:25  Probe  
  86  17:59  Void Ray  
  90  18:19  Dark Shrine  
  90  18:42  Void Ray  
  94  19:09  Robotics Facility  
  94  19:15  Probe  
  95  19:26  Probe  
Show
View Real Time Build Order
Export as new Build Order

Juxtapose Terran 

Build Orders: MMM Bio 

Get SALT Encoding   

  12  0:01  SCV  
  13  0:13  SCV  
  14  0:20  Supply Depot  
  14  0:25  SCV  
  15  0:42  SCV  
  16  0:47  Supply Depot  
  16  0:49  Barracks  
  16  0:54  SCV  
  17  0:59  Refinery  
  17  1:06  SCV  
  18  1:18  SCV  
  19  1:30  Refinery, SCV  
  20  1:44  Orbital Command  
  20  2:01  Reaper  
  21  2:14  Supply Depot  
  21  2:19  Engineering Bay  
  21  2:21  Factory  
  21  2:33  Marine  
  22  2:40  Supply Depot  
  21  2:55  Missile Turret, Marine  
  22  3:12  Marine  
  23  3:20  Factory Tech Lab  
  23  3:26  Starport  
  23  3:30  Marine  
  23  3:31  Command Center  
  24  3:44  Barracks  
  24  3:48  Widow Mine  
  26  4:16  Widow Mine  
  28  4:23  Starport Tech Lab  
  28  4:31  Terran Infantry Weapons Level 1  
  28  4:33  Barracks Reactor  
  28  4:34  Barracks Tech Lab  
  28  4:45  Siege Tank  
  31  4:51  Orbital Command  
  30  5:03  Medivac  
  32  5:08  Stimpack  
  32  5:10  Orbital Command  
  32  5:11  Marine x2  
  34  5:26  Siege Tank  
  37  5:33  Medivac  
  39  5:38  Marine x2  
  39  5:40  SCV  
  42  5:49  Marine  
  43  5:52  SCV  
  43  5:56  Marine x2  
  46  5:58  SCV  
  47  6:04  SCV  
  47  6:07  Marauder  
  47  6:08  Missile Turret  
  47  6:10  SCV  
  51  6:16  SCV, Marine x2  
  54  6:22  SCV  
  55  6:29  Marauder  
  57  6:36  SCV x2  
  57  6:38  Terran Infantry Armor Level 1  
  59  6:46  Siege Tank  
  62  7:00  Supply Depot  
  62  7:09  Combat Shields  
  62  7:21  SCV  
  63  7:23  Supply Depot  
  63  7:27  Marine x3  
  64  7:33  SCV, Viking  
  67  7:45  Marine x3  
  70  7:57  Refinery, SCV  
  71  7:59  Refinery  
  71  8:02  Viking  
  71  8:03  Marine x2  
  71  8:05  Armory  
  75  8:07  Supply Depot  
  75  8:09  SCV  
  76  8:14  Marine  
  77  8:21  Marine  
  77  8:26  Supply Depot  
  78  8:29  SCV, Marine  
  78  8:32  Marine, Viking  
  84  8:41  SCV  
  84  8:47  Supply Depot  
  84  8:48  Supply Depot  
  84  8:52  Marine x3  
  84  8:53  SCV  
  84  8:54  Siege Tank  
  91  9:02  Viking  
  91  9:05  SCV  
  91  9:09  Marine  
  94  9:10  Supply Depot  
  94  9:11  Supply Depot  
  94  9:14  Marine x2  
  97  9:17  SCV  
  97  9:20  Supply Depot  
  98  9:27  Marine  
  98  9:29  SCV  
  100  9:32  Marine x2, Viking  
  104  9:41  SCV  
  104  9:44  Supply Depot  
  104  9:45  Marine  
  106  9:50  Marine  
  107  9:54  SCV  
  96  10:02  Viking  
  96  10:03  Marine x2  
  80  10:08  Marine  
  63  10:21  Marine x2  
  54  10:26  Marine  
  56  10:32  Viking  
  58  10:36  Starport  
  58  10:39  Marine x2  
  60  10:43  Marine  
  61  10:56  Command Center, Marine  
  61  10:57  Marine  
  62  11:01  Marine  
  62  11:02  Viking  
  62  11:04  Terran Vehicle Weapons Level 1  
  66  11:14  Marine x2  
  68  11:19  Marine  
  69  11:32  Marine x2, Viking  
  75  11:37  Marine  
  76  11:41  Starport Reactor  
  74  11:50  Marine x2  
  76  11:55  Marine  
  76  11:58  Barracks  
  77  12:02  Viking  
  77  12:08  Marine x2  
  81  12:12  Marine  
  82  12:19  Viking x2  
  86  12:25  Marine  
  86  12:26  Marine, Planetary Fortress  
  88  12:31  Missile Turret  
  88  12:32  Viking  
  88  12:35  Marine  
  91  12:43  Marine x2  
  93  12:49  Viking x2  
  97  12:53  Marine  
  97  12:58  Terran Vehicle And Ship Armor Level 1  
  98  13:01  Marine x2, Barracks Reactor  
  98  13:02  Viking  
  102  13:10  SCV  
  102  13:11  Marine  
  104  13:18  Viking  
  104  13:19  Marine x2, Viking  
  110  13:22  SCV  
  111  13:28  Marine  
  111  13:32  Viking  
  114  13:34  SCV  
  114  13:37  Marine x2  
  117  13:42  Marine  
  117  13:43  Marine  
  117  13:46  SCV, Marine  
  121  13:48  Viking  
  121  13:49  Refinery, Viking  
  121  13:52  Refinery  
  121  13:54  Marine  
  121  13:55  Marine  
  127  14:00  Marine x2  
  127  14:02  Viking  
  124  14:04  Marine  
  123  14:12  Marine x2  
  120  14:18  Marine x2, Viking  
  120  14:19  Viking  
  120  14:22  Marine  
  125  14:30  Marine  
  124  14:32  Viking  
  96  14:46  SCV  
  98  14:58  SCV  
  92  15:06  Command Center  
  89  15:10  SCV  
  83  15:39  Barracks  
  49  16:38  SCV  
  19  16:48  Orbital Command  
  19  16:49  Factory  
  19  16:50  SCV  
  20  17:02  SCV  
  20  17:04  Barracks Reactor  
  21  17:14  SCV  
  22  17:23  Command Center  
  22  17:25  SCV  
  22  17:26  SCV  
  24  17:31  Command Center  
  24  17:37  Supply Depot, SCV  
  24  17:38  SCV  
  24  17:44  Factory Tech Lab, Marine x2  
  26  17:50  SCV  
  12  18:00  Supply Depot  
  12  18:02  SCV, Marine x2  
  15  18:07  Bunker  
  15  18:11  Siege Tank  
  18  18:14  SCV  
  19  18:20  Marine x2  
  21  18:27  Refinery x2  
  21  18:32  Supply Depot  
  20  18:38  Marine  
Tags
 
Composition
MMM Bio
Matchup
PvT
Spawn Locations
Cross Positions
Add a new tag
Caveats
  • Supply blocks, unpowered buildings, or Contaminate may cause inaccurate times.
  • Supply counts are checked every 10 seconds.